 Dungeon Crawl Stone Soup version 0.22-a0-596-gfbd32a6 (webtiles) character file.

361 sking99 the Insei (level 6, -5/47 HPs)
             Began as a Draconian Transmuter on July 5, 2018.
             Slain by a gnoll
             ... wielding a +2 halberd of protection
              (10 damage)
             ... on level 3 of the Dungeon.
             The game lasted 00:10:13 (4342 turns).

sking99 the Insei (Draconian Transmuter)            Turns: 4342, Time: 00:10:14

Health: -5/47      AC:  8    Str: 12    XL:     6   Next: 38%
Magic:  10/10      EV: 12    Int: 15    God:
Gold:   178        SH:  0    Dex: 12    Spells: 8/11 levels left

rFire    . . .     SeeInvis .     - Unarmed
rCold    . . .     Gourm    .   (no shield)
rNeg     . . .     Faith    .   (armour unavailable)
rPois    .         Spirit   .   (helmet restricted)
rElec    .         Reflect  .   (no cloak)
rCorr    .         Harm     .   l - +1 pair of gloves
MR       .....                  (no boots)
Stlth    +.........             (no amulet)
HPRegen  0.15/turn              (no ring)
MPRegen  0.12/turn              (no ring)

@: no status effects
A: unfitting armour, cold-blooded, AC +6
a: no special abilities


You were on level 3 of the Dungeon.
You were not hungry.

You visited 1 branch of the dungeon, and saw 3 of its levels.

You collected 178 gold pieces.

Inventory:

Missiles
 a - 23 arrows (quivered)
Armour
 l - a +1 pair of gloves (worn)
Scrolls
 e - 2 scrolls of teleportation {unknown}
 g - a scroll of identify {unknown}
 h - a scroll of enchant weapon {unknown}
 i - a scroll of fear {unknown}
Potions
 b - a potion of invisibility {unknown}
 d - 3 potions of curing {unknown}
 f - a potion of might {unknown}
 j - a potion of lignification {unknown}
 k - a potion of ambrosia {unknown}
 m - a potion of brilliance {unknown}
Comestibles
 c - 6 rations


   Skills:
 - Level 1.1 Fighting
 - Level 1.7 Dodging
 + Level 5.9 Unarmed Combat
 - Level 3.0 Spellcasting
 + Level 3.6 Transmutations


You had 8 spell levels left.
You knew the following spells:

 Your Spells              Type           Power        Failure   Level  Hunger
a - Beastly Appendage     Tmut           ##....       4%          1    #......
b - Sticks to Snakes      Tmut           ##......     7%          2    ##.....

Your spell library contained the following spells:

 Spells                   Type           Power        Failure   Level  Hunger
 Spider Form              Tmut/Pois      #.........   28%         3    ###....
 Blade Hands              Tmut           ##........   77%         5    ######.
 Ice Form                 Ice/Tmut       #.......     67%         4    #####..


Dungeon Overview and Level Annotations

Branches:
Dungeon (3/15)

Altars:
Trog


Innate Abilities, Weirdness & Mutations

Your plain brown scales are hard. (AC +6)
You cannot fit into any form of body armour.
You are cold-blooded and may be slowed by cold attacks.


Message History

The gnoll is heavily wounded.
The gnoll hits you with a halberd of protection!
You hit the gnoll but do no damage.
The gnoll is heavily wounded.
The gnoll closely misses you.
You barely miss the gnoll.
You tail-slap the gnoll, but do no damage.
The gnoll is heavily wounded.
The gnoll hits you with a halberd of protection!
* * * LOW HITPOINT WARNING * * *
You hit the gnoll.
The gnoll is almost dead.
You closely miss the gnoll.
The gnoll is almost dead.
The gnoll barely misses you.
You closely miss the gnoll.
You tail-slap the gnoll, but do no damage.
The gnoll is almost dead.
The gnoll hits you with a halberd of protection!
You die...

≈≈≈≈≈≈≈≈#...#####################
≈≈≈≈≈≈≈≈#####≈≈≈≈≈≈≈≈≈≈≈≈≈≈≈≈≈≈≈≈
≈≈≈≈≈≈≈≈≈≈≈≈≈≈≈≈≈≈≈≈≈≈≈≈≈≈≈≈≈≈≈≈≈
≈≈≈≈≈≈≈≈≈≈≈≈≈≈≈≈≈≈≈≈≈≈≈≈≈≈≈≈≈≈≈≈≈
.≈.≈..≈≈≈≈≈≈≈.≈.≈≈..≈.≈.≈≈≈≈≈≈..≈
.................................
.................................
.#####..####################..###
..).............@..# #.####
##.#############g#.#########.###(
#.# #...#.#>..........(( #g#
#.###.#.#########(## #.#
#.....#.# #..# #.# #######.# ##.#
#.# #.### #... #.# #...# #... #.#
##### ##.#.# #...


You could see a gnoll.

Vanquished Creatures
  2 big kobolds (D:3)
  2 orc wizards (D:3)
  An adder (D:2)
  5 worms
  4 dart slugs
  2 leopard geckos
  12 orcs (D:3)
  11 bats
  A giant cockroach (D:1)
  3 goblins
  8 hobgoblins
  4 jackals (D:2)
  51 kobolds
  A ball python (D:2)
  3 frilled lizards
  5 rats
115 creatures vanquished.

Vanquished Creatures (collateral kills)
  An adder (D:2)
  A kobold (D:3)
2 creatures vanquished.

Grand Total: 117 creatures vanquished

Notes
Turn   | Place    | Note
-------+----------+-------------------------------------------
     0 | D:1      | sking99 the Draconian Transmuter began the quest for the Orb.
     0 | D:1      | Reached XP level 1. HP: 16/16 MP: 3/3
     9 | D:1      | Noticed a centaur
   236 | D:1      | Reached XP level 2. HP: 23/23 MP: 5/5
   986 | D:2      | Learned a level 2 spell: Sticks to Snakes
  1000 | D:2      | Reached skill level 4 in Unarmed Combat
  1111 | D:2      | HP: 1/23 [kobold/whip of electrocution (10)]
  1135 | D:2      | HP: 1/23 [ball python (1)]
  1140 | D:2      | Reached XP level 3. HP: 1/28 MP: 6/6
  1906 | D:2      | Found a faded altar of an unknown god.
  2011 | D:2      | Reached XP level 4. HP: 26/35 MP: 7/7
  2110 | D:2      | Reached skill level 5 in Unarmed Combat
  2909 | D:3      | Noticed a moth of wrath
  3068 | D:3      | Found a bloodstained altar of Trog.
  3246 | D:3      | Reached XP level 5. HP: 40/40 MP: 6/8
  3924 | D:3      | Reached XP level 6. HP: 47/47 MP: 10/10
  4342 | D:3      | Slain by a gnoll

Vault maps used:
D:1:      evilmike_arrival_come_back
D:2:      chequers_ecumenical_altar_island
D:3:      minmay_goblin_kobold_castle, tgw_trog, minmay_misc_feat_x

Skill      XL: |  1  2  3  4  5 |
---------------+----------------+-----
Unarmed Combat | 4 5 |  5.9
Spellcasting   | 3 |  3.0
Transmutations | 3 |  3.6
Fighting       | |  1.1
Dodging        | |  1.7

Action                   |  1- 3 |  4- 6 || total
-------------------------+-------+-------++-------
Melee: Unarmed           |   136 |   332 ||   468
       Tailslap          |     9 |    28 ||    37
       Punch             |     3 |     6 ||     9
       Kick              |     4 |       ||     4
       Headbutt          |     2 |     1 ||     3
 Cast: Sticks to Snakes  |     4 |     1 ||     5
       Beastly Appendage |     3 |     4 ||     7
 Stab: Distracted        |       |     1 ||     1
  Eat: Chunk             |     4 |     5 ||     9
       Ration            |       |     1 ||     1
Armor: Skin              |    73 |   115 ||   188
Dodge: Dodged            |   110 |   191 ||   301

Table legend:
 A = Spawn XP
 B = Non-spawn XP
 C = Spawn XP percentage of total XP
 D = Spawn monster count
 E = Non-spawn monster count
 F = Spawn count percentage of total count
 G = Total turns spent on level
                    A         B        C        D         E        F      G
               +---------+---------+-------+---------+---------+-------+---------
         Total |       0 |     516 |   0.0 |       0 |     117 |   0.0 |  4342
               +---------+---------+-------+---------+---------+-------+---------
           D:1 |       0 |      23 |   0.0 |       0 |      14 |   0.0 |   971
           D:2 |       0 |      80 |   0.0 |       0 |      26 |   0.0 |  1378
           D:3 |       0 |     413 |   0.0 |       0 |      77 |   0.0 |  1993
               +---------+---------+-------+---------+---------+-------+---------
